TOP OF THE 1ST |
Arizona State University Sun Devils batting - Pitching for Oregon State University Beavers : LHP Gil Guzman
|
Pitching: LHP Gil Guzman
|
|
Batting: RHB Rusty Gee
|
0-0: Ball 1-0: Foul Ball, location: 2F 1-1: Foul Ball, location: 2F 1-2: Foul Ball, location: 2F 1-2: Ball 2-2: Ball 3-2: Strikes out swinging
|
Batting: LHB Eric Russell
|
0-0: Ball 1-0: Ball 2-0: SINGLE (Line Drive, 78S, EV 99.4 MPH)
|
Batting: LHB Justin Vitali
|
Pickoff Throw to First - Error! E1 Eric Russell to second 0-0: Foul Ball, location: 2F 0-1: Ball 1-1: Ground out U3 (Groundball, 34, EV 101.9 MPH) Eric Russell to third
|
Batting: LHB Randy Marquez
|
0-0: Ground out 5-3 (Groundball, 56, EV 85.0 MPH)
|
Top of the 1st over - 0 runs, 1 hit, 1 error, 1 left on base; Arizona State University 0 - Oregon State University 0 |
BOTTOM OF THE 1ST |
Oregon State University Beavers batting - Pitching for Arizona State University Sun Devils : RHP Travis Varney
|
Pitching: RHP Travis Varney
|
|
Batting: RHB Lionello Pancaldi
|
0-0: Called Strike 0-1: Called Strike 0-2: Ball 1-2: Strikes out swinging
|
Batting: RHB Israel Soto
|
0-0: Called Strike 0-1: Foul Ball, location: 2F 0-2: Foul Ball, location: 2F 0-2: Fly out, F9 (Flyball, 9S, EV 91.2 MPH)
|
Batting: RHB Luis Flores
|
0-0: Ball 1-0: Called Strike 1-1: Ball 2-1: Fly out, F8 (Flyball, 89M, EV 83.1 MPH)
|
Bottom of the 1st over - 0 runs, 0 hits, 0 errors, 0 left on base; Arizona State University 0 - Oregon State University 0 |
TOP OF THE 2ND |
Arizona State University Sun Devils batting - Pitching for Oregon State University Beavers : LHP Gil Guzman
|
Batting: RHB Hervé Papin
|
0-0: Foul Ball, location: 2F 0-1: Foul Ball, location: 2F 0-2: Strikes out swinging
|
Batting: LHB Dustin Gill
|
0-0: Ball 1-0: Ball 2-0: Foul Ball, location: 2F 2-1: DOUBLE (Flyball, 89D, EV 101.9 MPH)
|
Batting: RHB Carl Evans
|
0-0: Foul Ball, location: 2F 0-1: Ball 1-1: Swinging Strike 1-2: Ball 2-2: Ball 3-2: Foul Ball, location: 2F 3-2: Strikes out looking
|
Batting: LHB Burraga Iukini
|
0-0: Called Strike 0-1: Foul Ball, location: 2F 0-2: Ball 1-2: Foul Ball, location: 2F 1-2: Ball 2-2: Strikes out swinging
|
Top of the 2nd over - 0 runs, 1 hit, 0 errors, 1 left on base; Arizona State University 0 - Oregon State University 0 |
BOTTOM OF THE 2ND |
Oregon State University Beavers batting - Pitching for Arizona State University Sun Devils : RHP Travis Varney
|
Batting: RHB Rafael Ventura
|
0-0: Ball 1-0: Fly out, F7 (Flyball, 78M, EV 91.9 MPH)
|
Batting: SHB Jim Chute
|
0-0: Ball 1-0: Ball 2-0: SINGLE (Line Drive, 34D, EV 95.6 MPH)
|
Batting: LHB Jon Hamilton
|
0-0: Fly out, F8 (Flyball, 8LXD, EV 102.5 MPH)
|
Batting: LHB Pablo Fraga
|
0-0: Ball 1-0: Ball 2-0: Ball 3-0: Called Strike 3-1: Fly out, F9 (Line Drive, 9LM, EV 91.2 MPH)
|
Bottom of the 2nd over - 0 runs, 1 hit, 0 errors, 1 left on base; Arizona State University 0 - Oregon State University 0 |
TOP OF THE 3RD |
Arizona State University Sun Devils batting - Pitching for Oregon State University Beavers : LHP Gil Guzman
|
Batting: LHB Timon Giorgiou
|
0-0: Called Strike 0-1: Ball 1-1: Ball 2-1: Swinging Strike 2-2: Strikes out swinging
|
Batting: RHB Rusty Gee
|
0-0: Called Strike 0-1: Foul Ball, location: 2F 0-2: Strikes out looking
|
Batting: LHB Eric Russell
|
0-0: Foul Ball, location: 2F 0-1: Foul Ball, location: 2F 0-2: Strikes out swinging
|
Top of the 3rd over - 0 runs, 0 hits, 0 errors, 0 left on base; Arizona State University 0 - Oregon State University 0 |
BOTTOM OF THE 3RD |
Oregon State University Beavers batting - Pitching for Arizona State University Sun Devils : RHP Travis Varney
|
Batting: LHB Brock Darby
|
0-0: Ball 1-0: Ground out U3 (Groundball, 3, EV 107.5 MPH)
|
Batting: SHB Sosaia Apelahama
|
0-0: Swinging Strike 0-1: Ground out 3-1 (Groundball, 34, EV 85.0 MPH)
|
Batting: RHB Lionello Pancaldi
|
0-0: Ground out 6-3 (Groundball, 6, EV 83.1 MPH)
|
Bottom of the 3rd over - 0 runs, 0 hits, 0 errors, 0 left on base; Arizona State University 0 - Oregon State University 0 |
TOP OF THE 4TH |
Arizona State University Sun Devils batting - Pitching for Oregon State University Beavers : LHP Gil Guzman
|
Batting: LHB Justin Vitali
|
0-0: Swinging Strike 0-1: Ball 1-1: Ball 2-1: Ball 3-1: Base on Balls
|
Batting: LHB Randy Marquez
|
0-0: Ball 1-0: Foul Ball, location: 2F 1-1: Foul Ball, location: 2F 1-2: Ball 2-2: Ball 3-2: Fly out, F7 (Flyball, 7LS, EV 77.5 MPH)
|
Batting: RHB Hervé Papin
|
0-0: Fly out, F8 (Flyball, 8RD, EV 91.9 MPH)
|
Batting: LHB Dustin Gill
|
0-0: Called Strike 0-1: Foul Ball, location: 2F 0-2: Ball 1-2: Ball 2-2: Ball 3-2: Fly out, F9 (Flyball, 9LM, EV 88.1 MPH)
|
Top of the 4th over - 0 runs, 0 hits, 0 errors, 1 left on base; Arizona State University 0 - Oregon State University 0 |
BOTTOM OF THE 4TH |
Oregon State University Beavers batting - Pitching for Arizona State University Sun Devils : RHP Travis Varney
|
Batting: RHB Israel Soto
|
0-0: Ball 1-0: Swinging Strike 1-1: Ball 2-1: Ball 3-1: Base on Balls
|
Batting: RHB Luis Flores
|
0-0: Foul Ball, location: 2F 0-1: Foul Ball, location: 2F 0-2: Ball 1-2: Foul Ball, location: 2F 1-2: Foul Ball, location: 2F 1-2: Ball 2-2: Foul Ball, location: 2F 2-2: Ball 3-2: SINGLE (Flyball, 8RS, EV 97.5 MPH) Israel Soto to second
|
Batting: RHB Rafael Ventura
|
0-0: Called Strike 0-1: Foul Ball, location: 2F 0-2: Ball 1-2: Foul Ball, location: 2F 1-2: Foul Ball, location: 2F 1-2: Ball 2-2: Ball 3-2: Fielders Choice at 2nd, 1-4 (Groundball, P, EV 75.0 MPH) Israel Soto to third
|
Batting: SHB Jim Chute
|
0-0: Ball Rafael Ventura steals 2nd, throwing error, E2 Israel Soto scores Rafael Ventura to third 1-0: Ball 2-0: Ball Passed Ball! Rafael Ventura scores 3-0: Called Strike 3-1: Fly out, F8 (Flyball, 8RM, EV 84.4 MPH)
|
Batting: LHB Jon Hamilton
|
0-0: Ball 1-0: DOUBLE (Line Drive, 8RXD, EV 111.2 MPH)
|
Batting: LHB Pablo Fraga
|
0-0: Ball 1-0: Ball 2-0: Called Strike 2-1: Called Strike 2-2: Strikes out swinging
|
Bottom of the 4th over - 2 runs, 2 hits, 1 error, 1 left on base; Arizona State University 0 - Oregon State University 2 |
TOP OF THE 5TH |
Arizona State University Sun Devils batting - Pitching for Oregon State University Beavers : LHP Gil Guzman
|
Batting: RHB Carl Evans
|
0-0: Ground out 5-3 (Groundball, 15, EV 86.2 MPH)
|
Batting: LHB Burraga Iukini
|
0-0: Called Strike 0-1: Ball 1-1: Ball 2-1: Ball 3-1: Foul Ball, location: 2F 3-2: Foul Ball, location: 2F 3-2: Strikes out swinging
|
Batting: LHB Timon Giorgiou
|
0-0: Foul Ball, location: 2F 0-1: Foul Ball, location: 2F 0-2: Ball 1-2: Ball 2-2: Strikes out swinging
|
Top of the 5th over - 0 runs, 0 hits, 0 errors, 0 left on base; Arizona State University 0 - Oregon State University 2 |
BOTTOM OF THE 5TH |
Oregon State University Beavers batting - Pitching for Arizona State University Sun Devils : RHP Travis Varney
|
Batting: LHB Brock Darby
|
0-0: Ball 1-0: Called Strike 1-1: Swinging Strike 1-2: Ground out 5-3 (Groundball, 56, EV 86.9 MPH)
|
Batting: SHB Sosaia Apelahama
|
0-0: Ball 1-0: Foul Ball, location: 2F 1-1: Called Strike 1-2: Strikes out swinging
|
Batting: RHB Lionello Pancaldi
|
0-0: Called Strike 0-1: Ball 1-1: Ball 2-1: Fly out, F9 (Line Drive, 89M, EV 91.9 MPH)
|
Bottom of the 5th over - 0 runs, 0 hits, 0 errors, 0 left on base; Arizona State University 0 - Oregon State University 2 |
TOP OF THE 6TH |
Arizona State University Sun Devils batting - Pitching for Oregon State University Beavers : LHP Gil Guzman
|
Pitching: LHP Yin-reng Deng
|
|
Batting: RHB Rusty Gee
|
0-0: Foul Ball, location: 2F 0-1: Foul Ball, location: 2F 0-2: SOLO HOME RUN (Flyball, 7LD, EV 96.9 MPH), Distance : 355 ft
|
Batting: LHB Eric Russell
|
0-0: Ball 1-0: Called Strike 1-1: Foul Ball, location: 2F 1-2: Ball 2-2: Ball 3-2: Fly out, F4 (Line Drive, 4, EV 65.6 MPH)
|
Batting: LHB Justin Vitali
|
0-0: Called Strike 0-1: Foul Ball, location: 2F 0-2: Ground out 6-3 (Groundball, 4MS, EV 86.9 MPH)
|
Batting: LHB Randy Marquez
|
0-0: Called Strike 0-1: Ball 1-1: Ball 2-1: Ball 3-1: Base on Balls
|
Batting: RHB Hervé Papin
|
0-0: Ball 1-0: Ground out 6-3 (Groundball, 6S, EV 85.0 MPH)
|
Top of the 6th over - 1 run, 1 hit, 0 errors, 1 left on base; Arizona State University 1 - Oregon State University 2 |
BOTTOM OF THE 6TH |
Oregon State University Beavers batting - Pitching for Arizona State University Sun Devils : RHP Travis Varney
|
Batting: RHB Israel Soto
|
0-0: Ball 1-0: Called Strike 1-1: Called Strike 1-2: Ball 2-2: Ground out 5-3 (Groundball, 56S, EV 86.2 MPH)
|
Pitching: RHP Yic Li
|
|
Batting: RHB Luis Flores
|
0-0: Called Strike 0-1: Swinging Strike 0-2: Ball 1-2: Strikes out swinging
|
Batting: RHB Rafael Ventura
|
0-0: Ball 1-0: Ground out 6-3 (Groundball, 6M, EV 78.1 MPH)
|
Bottom of the 6th over - 0 runs, 0 hits, 0 errors, 0 left on base; Arizona State University 1 - Oregon State University 2 |
TOP OF THE 7TH |
Arizona State University Sun Devils batting - Pitching for Oregon State University Beavers : LHP Yin-reng Deng
|
Pitching: LHP Fraser Braddock
|
|
Batting: LHB Dustin Gill
|
0-0: Ball 1-0: Ball 2-0: Swinging Strike 2-1: Foul Ball, location: 2F 2-2: Strikes out swinging
|
Batting: RHB Carl Evans
|
0-0: Called Strike 0-1: Foul Ball, location: 2F 0-2: Ball 1-2: Ball 2-2: Foul Ball, location: 2F 2-2: Strikes out looking
|
Pinch Hitting: RHB Jun-hyuk Leem
|
0-0: Ball 1-0: Swinging Strike 1-1: Ball 2-1: Foul Ball, location: 2F 2-2: Strikes out swinging
|
Top of the 7th over - 0 runs, 0 hits, 0 errors, 0 left on base; Arizona State University 1 - Oregon State University 2 |
BOTTOM OF THE 7TH |
Oregon State University Beavers batting - Pitching for Arizona State University Sun Devils : RHP Yic Li
|
Pitching: LHP Coen van Oorschot
|
|
Now at 1B: Kawenaula Kapali
|
|
Batting: SHB Jim Chute
|
0-0: Ball 1-0: Ball 2-0: Fly out, F8 (Flyball, 78M, EV 91.9 MPH)
|
Batting: LHB Jon Hamilton
|
0-0: Foul Ball, location: 2F 0-1: Ball 1-1: Ball 2-1: Ball 3-1: Base on Balls
|
Batting: LHB Pablo Fraga
|
0-0: Ball 1-0: Ball 2-0: Called Strike 2-1: Ball 3-1: Swinging Strike 3-2: Strikes out swinging Jon Hamilton is caught stealing 2nd base 2-6 Batter strikes out.
|
Bottom of the 7th over - 0 runs, 0 hits, 0 errors, 0 left on base; Arizona State University 1 - Oregon State University 2 |
TOP OF THE 8TH |
Arizona State University Sun Devils batting - Pitching for Oregon State University Beavers : LHP Fraser Braddock
|
Batting: LHB Timon Giorgiou
|
0-0: Ball 1-0: Ball 2-0: Called Strike 2-1: Ball 3-1: Foul Ball, location: 2F 3-2: Foul Ball, location: 2F 3-2: Strikes out swinging
|
Batting: RHB Rusty Gee
|
0-0: Called Strike 0-1: Foul Ball, location: 2F 0-2: Ball 1-2: Strikes out swinging
|
Batting: LHB Eric Russell
|
0-0: Ball 1-0: Ball 2-0: Called Strike 2-1: Foul Ball, location: 2F 2-2: Foul Ball, location: 2F 2-2: Ground out 5-3 (Groundball, 5, EV 84.4 MPH)
|
Top of the 8th over - 0 runs, 0 hits, 0 errors, 0 left on base; Arizona State University 1 - Oregon State University 2 |
BOTTOM OF THE 8TH |
Oregon State University Beavers batting - Pitching for Arizona State University Sun Devils : LHP Coen van Oorschot
|
Batting: LHB Brock Darby
|
0-0: Ball 1-0: Reached on error, E1 (Groundball, 13S, EV 75.0 MPH)
|
Batting: SHB Sosaia Apelahama
|
0-0: Bunt missed! 0-1: Sac Bunt to 25 - play at first, batter OUT! 5-3 Brock Darby to second
|
Batting: RHB Lionello Pancaldi
|
0-0: Ball 1-0: Ball 2-0: Called Strike 2-1: Ball 3-1: Base on Balls
|
Batting: RHB Israel Soto
|
0-0: Called Strike 0-1: Ball 1-1: Called Strike 1-2: Strikes out looking
|
Batting: RHB Luis Flores
|
0-0: Ball 1-0: Called Strike 1-1: Foul Ball, location: 2F 1-2: Ball 2-2: Foul Ball, location: 2F 2-2: Foul Ball, location: 2F 2-2: Ball 3-2: Base on Balls Brock Darby to third Lionello Pancaldi to second
|
Batting: RHB Rafael Ventura
|
0-0: Called Strike 0-1: SINGLE (Groundball, 56, EV 106.2 MPH) (infield hit) Brock Darby scores Lionello Pancaldi to third Luis Flores to second
|
Batting: SHB Jim Chute
|
0-0: Ball 1-0: Ball 2-0: Ball 3-0: Called Strike 3-1: Base on Balls Lionello Pancaldi scores Luis Flores to third Rafael Ventura to second
|
Batting: LHB Jon Hamilton
|
0-0: Foul Ball, location: 2F 0-1: Foul Ball, location: 2F 0-2: Ball 1-2: Strikes out swinging
|
Bottom of the 8th over - 2 runs, 1 hit, 1 error, 3 left on base; Arizona State University 1 - Oregon State University 4 |
TOP OF THE 9TH |
Arizona State University Sun Devils batting - Pitching for Oregon State University Beavers : LHP Fraser Braddock
|
Pitching: RHP Sun-dong Pak
|
|
Batting: LHB Justin Vitali
|
0-0: Ball 1-0: SINGLE (Groundball, 4M, EV 95.6 MPH)
|
Batting: LHB Randy Marquez
|
0-0: Ball 1-0: Grounds into double play, 6-4-3 (Groundball, 6MD, EV 86.2 MPH)
|
Batting: RHB Hervé Papin
|
0-0: Ground out 6-3 (Groundball, 6, EV 81.9 MPH)
|
Top of the 9th over - 0 runs, 1 hit, 0 errors, 0 left on base; Arizona State University 1 - Oregon State University 4 |
|